 Dungeon Crawl Stone Soup version 0.31-a0-818-ge7c7cf74f0 (webtiles) character file.

Game seed: 17575214402779312456

382 demibob the Spear-Bearer (level 6, -7/47 HPs)
             Began as a Merfolk Chaos Knight on Sept 23, 2023.
             Was a Plaything of Xom.
             Mangled by a guardian serpent (shapeshifter) (15 damage)
             ... on level 4 of the Dungeon.
             The game lasted 00:04:58 (3276 turns).

demibob the Spear-Bearer (Merfolk Chaos Knight)     Turns: 3276, Time: 00:04:59

Health: -7/47      AC:  9    Str: 12    XL:     6   Next: 76%
Magic:  6/6        EV: 12    Int: 11    God:    Xom [.*....]
Gold:   381        SH:  0    Dex: 16    Spells: 5/5 levels left

rFire   . . .        a - +1 spear (chaos)
rCold   . . .        (no shield)
rNeg    . . .        b - +2 leather armour
rPois   .            (no helmet)
rElec   .            (no cloak)
rCorr   .            (no gloves)
SInv    .            (no boots)
Will    .....        (no amulet)
Stlth   +            T - +4 ring of protection
HPRegen 0.27/turn    (no ring)
MPRegen 0.10/turn

%: no passive effects
@: no status effects
A: (nimble swimmer 2), mertail
a: Renounce Religion


You were on level 4 of the Dungeon.
You worshipped Xom.
You were a plaything of Xom.
You visited 1 branch of the dungeon, and saw 4 of its levels.

You collected 930 gold pieces.
You spent 549 gold pieces at shops.


Innate Abilities, Weirdness & Mutations

((You are very nimble when in or above water. (Stealth+, EV+, Speed+++)))
Your lower body shifts to a powerful aquatic tail in water.


   Skills:
 - Level 3.2 Fighting
 + Level 9.7 Polearms
 - Level 0.6 Armour
 - Level 2.6 Dodging


You had 5 spell levels left.
You didn't know any spells.
Your spell library contained the following spells:

 Spells                   Type           Power      Damage    Failure   Level
 Necrotise                Necr           0%         1d4       41%         1
 Poisonous Vapours        Pois/Air       0%         N/A       56%         2
 Mephitic Cloud           Conj/Pois/Air  0%         N/A       80%         3
 Vampiric Draining        Necr           0%         2d6       80%         3
 Manifold Assault         Tloc           0%         N/A       99%         4
 Olgreb's Toxic Radiance  Pois           0%         N/A       99%         4
 Agony                    Necr           0%         N/A       100%        5
 Freezing Cloud           Conj/Ice/Air   0%         6-21      100%        5
 Dispersal                Tloc           0%         N/A       100%        6
 Discord                  Hex            0%         N/A       100%        8
 Disjunction              Tloc           0%         N/A       100%        8
 Ignition                 Fire           0%         3d3       100%        8

Inventory:

Hand Weapons
 a - a +1 spear of chaos (weapon)
Missiles
 m - a throwing net {=f}
Armour
 b - a +2 leather armour (worn)
 f - a +0 helmet
Jewellery
 T - a +4 ring of protection (left hand)
Wands
 l - a wand of flame (37)
Scrolls
 c - a scroll of butterflies
 d - 4 scrolls of enchant weapon
 e - a scroll of amnesia
 h - 5 scrolls of identify {@r1}
 i - 4 scrolls of poison
 j - 2 scrolls of teleportation {@r2}
 k - a scroll of brand weapon {unknown}
 p - a scroll of revelation
Potions
 g - a potion of enlightenment
 o - 2 potions of curing {@q1}

Dungeon Overview and Level Annotations

Branches:
Dungeon (4/15)
 Temple: D:4-7

Altars:
Okawaru
Vehumet
The Shining One

Shops:
D:3

?
##...............######....#
#..#..####.#####..#........#
..#..## #.######..........#
###.## #..##.............#
#..# ##.##.##..........#
##.## #....##.......####
...# ############.....##
.### #.....(...#S......#
#######.........@.......#
................#.......#
#######.........##.....##
#############...## #####


You could see a guardian serpent (resistant, very poisoned).


Message History

Okay, then.
You hit the guardian serpent but do no damage.
The guardian serpent suddenly seems more resistant.
The guardian serpent is lightly wounded.
You closely miss the guardian serpent.
The guardian serpent is lightly wounded.
The guardian serpent hits you.
You barely miss the guardian serpent.
The guardian serpent is lightly wounded.
The guardian serpent hits you but does no damage.
You hit the guardian serpent.
The guardian serpent is moderately wounded.
The guardian serpent hits you!
You hit the guardian serpent. You burn the guardian serpent.
The guardian serpent is moderately wounded.
Xom smirks.
You feel aware of your surroundings. The guardian serpent hits you!
* * * LOW HITPOINT WARNING * * *
You hit the guardian serpent but do no damage.
The guardian serpent is moderately wounded.
The guardian serpent hits you!
* * * LOW HITPOINT WARNING * * *
You hit the guardian serpent but do no damage.
The guardian serpent is moderately wounded.
The guardian serpent closely misses you.
You hit the guardian serpent.
The guardian serpent is poisoned.
The guardian serpent is heavily wounded.
The guardian serpent hits you!
You die...
Xom giggles madly!

Skill      XL: |  1  2  3  4  5  6 |
---------------+-------------------+-----
Polearms       | 5 6 7 8 9 |  9.7
Fighting       | |  3.2
Armour         | |  0.6
Dodging        | |  2.6

Action                     |  1- 3 |  4- 6 || total
---------------------------+-------+-------++-------
  Melee: Spear             |   119 |   123 ||   242
         Tailslap          |       |     1 ||     1
         Punch             |       |     1 ||     1
  Evoke: Wand              |       |     7 ||     7
    Use: Scroll            |     8 |     1 ||     9
         Potion            |     1 |     4 ||     5
   Stab: Sleeping          |     2 |     2 ||     4
 Armour: Leather armour    |    34 |    47 ||    81
  Dodge: Dodged            |    42 |    54 ||    96

Levels and vault maps discovered:
D:1:      roderic_dead_forest, layout_basic
D:2:      layout_basic
D:3:      layout_loops_ring, nicolae_vehumet_radiance, serial_shops, shop,
          hellmonk_ecumenical_altar_heavens_door
D:4:      corexii_shack_village, layout_rooms, tso_metal_star,
          general_overflow_altar, kennysheep_another_room,
          roderic_serpentine_path

Notes
Turn   | Place    | Note
-------+----------+-------------------------------------------
     0 | D:1      | demibob the Merfolk Chaos Knight began the quest for the
                  | Orb.
     0 | D:1      | Reached XP level 1. HP: 18/18 MP: 1/1
    45 | D:1      | XOM: silly message
   115 | D:1      | Reached XP level 2. HP: 24/24 MP: 2/2
   166 | D:1      | Reached skill level 5 in Polearms
   597 | D:1      | Reached XP level 3. HP: 29/29 MP: 3/3
   690 | D:1      | XOM: noise
  1131 | D:2      | You fall into a shaft and drop 1 floor!
  1252 | D:3      | Found a radiant altar of Vehumet.
  1284 | D:3      | XOM: divination: magic mapping
  1304 | D:3      | XOM: silly message
  1629 | D:2      | Reached skill level 6 in Polearms
  1946 | D:2      | Identified a scroll of acquirement
  1946 | D:2      | Acquired 750 gold pieces
  2046 | D:3      | Found a faded altar of an unknown god.
  2096 | D:3      | Reached XP level 4. HP: 35/35 MP: 4/4
  2097 | D:3      | XOM: divine lightning
  2104 | D:3      | XOM: fog
  2336 | D:3      | Reached skill level 7 in Polearms
  2380 | D:3      | XOM: 10-stop teleportation journey
  2438 | D:3      | Found Hydghoca's Magic Scroll Emporium.
  2446 | D:3      | Bought 3 scrolls of enchant weapon for 247 gold pieces
  2446 | D:3      | Bought a scroll of enchant weapon for 82 gold pieces
  2446 | D:3      | Bought a scroll of identify for 22 gold pieces
  2446 | D:3      | Bought a scroll of identify for 22 gold pieces
  2446 | D:3      | Bought 3 scrolls of poison for 132 gold pieces
  2446 | D:3      | Bought a scroll of teleportation for 33 gold pieces
  2446 | D:3      | Bought a scroll of noise for 11 gold pieces
  2505 | D:4      | Found an iron altar of Okawaru.
  2532 | D:4      | XOM: scenery: summon butterflies
  2550 | D:4      | Reached XP level 5. HP: 40/41 MP: 5/5
  2723 | D:4      | XOM: smoke on damage
  2725 | D:4      | Reached skill level 8 in Polearms
  2735 | D:4      | XOM: divination: detect items
  2782 | D:4      | an iguana changed into a shapeshifter
  2782 | D:4      | Noticed a shapeshifter (shapeshifter)
  2782 | D:4      | a shapeshifter changed into a blink frog
  2782 | D:4      | Noticed a blink frog (shapeshifter)
  2783 | D:4      | XOM: enchant monster (bad)
  2789 | D:4      | XOM: swap monsters
  2792 | D:4      | XOM: enchant monster (bad)
  2807 | D:4      | XOM: summons friendly shadow imp
  2815 | D:4      | Reached XP level 6. HP: 17/47 MP: 6/6
  2817 | D:4      | Reached skill level 9 in Polearms
  2919 | D:4      | XOM: polymorph shadow imp -> white imp
  2974 | D:4      | XOM: polymorph white imp -> iron imp
  3057 | D:4      | Found a glowing golden altar of the Shining One.
  3152 | D:4      | XOM: 2-stop teleportation journey
  3265 | D:4      | Noticed a guardian serpent
  3273 | D:4      | XOM: divination: magic mapping
  3276 | D:4      | Mangled by a guardian serpent (shapeshifter)

Vanquished Creatures
  2 scorpions (D:4)
  3 iguanas (D:4)
  A jelly (D:4)
  2 adders
  6 gnolls
  2 worms
  2 dart slugs (D:1)
  An orc (D:3)
  2 bats (D:1)
  8 endoplasms
  3 giant cockroaches
  9 goblins
  3 hobgoblins
  6 kobolds
  3 quokkas
  7 ball pythons
  4 frilled lizards
  2 rats
66 creatures vanquished.

Vanquished Creatures (others)
  A gnoll (D:3)
1 creature vanquished.

Grand Total: 67 creatures vanquished

Table legend: (Time is in decaauts)
 A = Elapsed time spent in this place.
 B = Non-inter-level travel time spent in this place.
 C = Inter-level travel time spent in this place.
 D = Time resting spent in this place.
 E = Time spent auto-exploring this place.
 F = Levels seen in this place.
 G = Mean time per level.
                   A        B        C        D        E       F      G
               +--------+--------+--------+--------+--------+-----+--------+
         Total |   3196 |   3112 |     84 |    229 |   2446 |   4 |  799.0 |
       Dungeon |   3196 |   3112 |     84 |    229 |   2446 |   4 |  799.0 |
               +--------+--------+--------+--------+--------+-----+--------+

Top non-repeatable levels by time:
     D:1: 841 daAuts
     D:2: 834 daAuts
     D:3: 800 daAuts
     D:4: 720 daAuts

Table legend:
 A = Non-vault XP
 B = Vault XP
 C = Vault XP percentage of total XP
 D = Non-vault monster count
 E = Vault monster count
 F = Vault count percentage of total count
                 A         B        C        D         E       F
            +---------+---------+-------+---------+---------+-------
      Total |     546 |       0 |   0.0 |      69 |       0 |   0.0
            +---------+---------+-------+---------+---------+-------
        D:1 |      38 |       0 |   0.0 |      21 |       0 |   0.0
        D:2 |      19 |       0 |   0.0 |       9 |       0 |   0.0
        D:3 |      94 |       0 |   0.0 |      20 |       0 |   0.0
        D:4 |     395 |       0 |   0.0 |      19 |       0 |   0.0
            +---------+---------+-------+---------+---------+-------
